[Event "Titled Tuesday Blitz May 2 Early 2023"]
[White "Bashkansky, Ethan"]
[Black "Leenhouts, Koen"]
[WhiteFideId "2071533"]
[BlackFideId "1008439"]
[WhiteElo "2101"]
[BlackElo "2409"]
[Result "0-1"]
[Round "05"]
[TimeControl "180+2"]
[Date "2023.05.02"]
[WhiteClock "0:00:01"]
[BlackClock "0:01:15"]

1. d4 Nf6 2. c4 g6 3. Nc3 d5 4. cxd5 Nxd5 5. Bd2 Bg7 6. e4 Nxc3 7. Bxc3 O-O 8. Qd2 c5 9. d5 e6 10. Bc4 exd5 11. Bxd5 Nd7 12. Nf3 Nf6 13. O-O Nxd5 14. exd5 Bxc3 15. bxc3 Qd6 16. Rfe1 Bf5 17. Nh4 Bd7 18. Nf3 Rfe8 19. Qg5 Kg7 20. g3 b5 21. Rad1 a5 22. Ne5 f6 23. Qh4 Rxe5 24. f4 Rxe1+ 25. Rxe1 Re8 26. Rxe8 Bxe8 27. f5 Qxd5 28. fxg6 Qd1+ 29. Kf2 Qd2+ 30. Kf1 Qd3+ 31. Kf2 Qf5+ 32. Kg2 Bc6+ 33. Kg1 Qb1+ 34. Kf2 Qc2+ 35. Kf1 Qd3+ 36. Kf2 Qf3+ 37. Ke1 Qxc3+ 38. Kd1 Qd4+ 39. Kc2 Qxh4 40. gxh4 hxg6 41. Kd3 Bd5 0-1


[Site "https://www.chess.com"]

[Event "Titled Tuesday Blitz May 2 Early 2023"]
[White "Vedder, Richard"]
[Black "Budrewicz, Krzysztof"]
[WhiteFideId "1004166"]
[BlackFideId "1127950"]
[WhiteElo "2168"]
[BlackElo "2230"]
[Result "0-1"]
[Round "05"]
[TimeControl "180+2"]
[Date "2023.05.02"]
[WhiteClock "0:01:25"]
[BlackClock "0:00:28"]

1. d4 Nf6 2. c4 g6 3. Nc3 Bg7 4. e4 O-O 5. Nf3 d6 6. Be2 Nbd7 7. O-O e5 8. d5 Nc5 9. Qc2 a5 10. Bg5 h6 11. Be3 b6 12. Nd2 Bd7 13. b3 Ng4 14. Bxg4 Bxg4 15. a3 Bc8 16. b4 Nd7 17. Nb3 f5 18. f3 Nf6 19. c5 axb4 20. axb4 Rxa1 21. Rxa1 fxe4 22. fxe4 Ng4 23. Qe2 bxc5 24. bxc5 Qh4 25. h3 Nxe3 26. Qxe3 h5 27. c6 Bf6 28. Rf1 Bg5 29. Rxf8+ Kxf8 30. Qf2+ Qxf2+ 31. Kxf2 Ke7 32. Na5 Ba6 33. Nd1 Bd2 34. Nb7 h4 35. Ne3 Bxe3+ 36. Kxe3 Kf6 37. Kf3 Kg5 38. Nd8 Bc8 39. g4 Kf6 40. Nb7 Ke7 41. Na5 Ba6 42. Nb3 Bf1 43. Nd2 Bxh3 44. g5 Bc8 45. Nf1 Ba6 46. Nd2 Bc8 47. Nf1 Bh3 48. Nd2 Kd8 49. Nc4 Kc8 50. Nd2 Kb8 51. Nc4 Ka7 52. Nd2 Kb6 53. Nc4+ Kb5 54. Ne3 Kc5 55. Nc2 Bf1 56. Ne3 Bd3 57. Nd1 Kd4 58. Nf2 Bc2 0-1


[Site "https://www.chess.com"]

[Event "Titled Tuesday Blitz May 2 Early 2023"]
[White "Bernat, David"]
[Black "Reprintsev, Alexander"]
[WhiteFideId "2099225"]
[BlackFideId "14100541"]
[WhiteElo "1862"]
[BlackElo "2211"]
[Result "0-1"]
[Round "05"]
[TimeControl "180+2"]
[Date "2023.05.02"]
[WhiteClock "0:00:09"]
[BlackClock "0:00:53"]

1. c4 e5 2. Nc3 Bb4 3. g3 Bxc3 4. dxc3 d6 5. e4 Be6 6. f3 f5 7. Bd3 Qd7 8. Ne2 Nf6 9. O-O O-O 10. exf5 Bxf5 11. Qc2 Bxd3 12. Qxd3 Nc6 13. Be3 Rae8 14. b4 e4 15. fxe4 Ne5 16. Qd4 b6 17. Bg5 c5 18. Qd1 Nxc4 19. Bxf6 Rxf6 20. Rxf6 gxf6 21. Qd5+ Qe6 22. Nf4 Qxd5 23. exd5 Re3 24. bxc5 bxc5 25. Rb1 Rxc3 26. Rb7 Rc1+ 27. Kg2 Rc2+ 28. Kh3 Rxa2 29. Ne6 h5 30. Rg7+ Kh8 31. Rg6 Ne5 32. Rxf6 Rxh2+ 33. Kxh2 Ng4+ 34. Kh3 Nxf6 35. Kh4 a5 36. Nf4 a4 37. Nd3 a3 38. Nc1 c4 39. Kg5 Nxd5 40. Kf5 Nb4 41. Ke4 a2 42. Kd4 a1=Q+ 0-1


[Site "https://www.chess.com"]

[Event "Titled Tuesday Blitz May 2 Early 2023"]
[White "Xie, Bryan"]
[Black "Shohat, Yotam"]
[WhiteFideId "30941296"]
[BlackFideId "2813955"]
[WhiteElo "2033"]
[BlackElo "2226"]
[Result "0-1"]
[Round "05"]
[TimeControl "180+2"]
[Date "2023.05.02"]
[WhiteClock "0:00:41"]
[BlackClock "0:01:18"]

1. d4 Nf6 2. Nf3 c5 3. d5 e6 4. c4 exd5 5. cxd5 d6 6. Nc3 g6 7. e4 a6 8. a4 Bg4 9. h3 Bxf3 10. Qxf3 Bg7 11. Bd3 O-O 12. O-O Nbd7 13. Qe2 Re8 14. Bf4 Ne5 15. Bc2 Qb6 16. Rab1 Qb4 17. Bh2 Qc4 18. Qxc4 Nxc4 19. Rfe1 Nd7 20. Red1 Be5 21. b3 Na3 22. Bxe5 Nxb1 23. Bxd6 Nxc3 24. Re1 Nxd5 0-1


[Site "https://www.chess.com"]

[Event "Titled Tuesday Blitz May 2 Early 2023"]
[White "Demin, Vladimir"]
[Black "Shtompel, Yuriy"]
[WhiteFideId "4167457"]
[BlackFideId "14168278"]
[WhiteElo "2430"]
[BlackElo "1844"]
[Result "1-0"]
[Round "05"]
[TimeControl "180+2"]
[Date "2023.05.02"]
[WhiteClock "0:01:30"]
[BlackClock "0:00:21"]

1. d4 Nf6 2. Nc3 d5 3. Bf4 a6 4. e3 c5 5. dxc5 Nc6 6. a3 Bf5 7. b4 e6 8. Nf3 h6 9. h3 Be7 10. Bd3 Bxd3 11. Qxd3 O-O 12. O-O a5 13. b5 Na7 14. Na4 Nd7 15. b6 Nc6 16. Bc7 Qc8 17. Nd4 Nxc5 18. Nxc5 Bxc5 19. Nxc6 bxc6 20. c4 Qa6 21. Rab1 Qb7 22. Rfc1 Ra6 23. cxd5 Bxb6 24. Rxc6 exd5 25. Rcxb6 Rxb6 26. Bxb6 Rb8 27. Rb2 Qc6 28. Bd4 Qc1+ 29. Qf1 Qxf1+ 30. Kxf1 Rc8 31. Rb5 Rc1+ 32. Ke2 Rc2+ 33. Kf3 1-0


[Site "https://www.chess.com"]

[Event "Titled Tuesday Blitz May 2 Early 2023"]
[White "Krsnik Cohar, Ivan Vihor"]
[Black "Van Foreest, Machteld"]
[WhiteFideId "14520044"]
[BlackFideId "1051563"]
[WhiteElo "2414"]
[BlackElo "2018"]
[Result "1-0"]
[Round "05"]
[TimeControl "180+2"]
[Date "2023.05.02"]
[WhiteClock "0:00:03"]
[BlackClock "0:00:08"]

1. e4 c5 2. Ne2 Nc6 3. g3 g6 4. Bg2 Bg7 5. c3 e6 6. d4 cxd4 7. cxd4 d5 8. exd5 exd5 9. Nbc3 Nf6 10. O-O O-O 11. Nf4 Bg4 12. Qa4 Be6 13. Re1 Qd7 14. Nd3 Ne4 15. Be3 Nxd4 16. Qxd7 Bxd7 17. Nxd5 Nd6 18. Bf4 N6f5 19. Ne7+ Nxe7 20. Rxe7 Bf5 21. Nc5 Rac8 22. Nb3 Rc2 23. Be3 Nxb3 24. axb3 Bxb2 25. Rxa7 Rd8 26. Bxb7 Bh3 27. Ra8 Rxa8 28. Bxa8 Kf8 29. Ra7 Re2 30. Bc5+ Kg7 31. Re7 Rc2 32. Bb4 Ba3 33. Re1 Bxb4 34. Rb1 Ba3 35. Bg2 Rc1+ 36. Rxc1 Bxg2 37. Ra1 Bb2 38. Rb1 Be5 39. Kxg2 Kf6 40. b4 Bb8 41. b5 Ke6 42. b6 Kd6 43. Rc1 Kd7 44. b7 Kd6 1-0


[Site "https://www.chess.com"]

[Event "Titled Tuesday Blitz May 2 Early 2023"]
[White "Bogaudinov, Rushan"]
[Black "Sousa, Andre Ventura"]
[WhiteFideId "4129288"]
[BlackFideId "1917617"]
[WhiteElo "1967"]
[BlackElo "2348"]
[Result "1/2-1/2"]
[Round "05"]
[TimeControl "180+2"]
[Date "2023.05.02"]
[WhiteClock "0:00:02"]
[BlackClock "0:00:08"]

1. e4 c6 2. d4 d5 3. e5 Bf5 4. c4 e6 5. Nc3 Ne7 6. a3 Nd7 7. c5 f6 8. f4 b6 9. b4 a5 10. Be3 axb4 11. axb4 Rxa1 12. Qxa1 Ng6 13. Nf3 bxc5 14. bxc5 Be7 15. Qa6 fxe5 16. fxe5 O-O 17. Be2 Bg4 18. O-O Nf4 19. Qxc6 Nxe2+ 20. Nxe2 Nb8 21. Qb7 Rf7 22. Qb5 Qf8 23. Nf4 g5 24. Nd3 Kg7 25. Nde1 Qd8 26. h3 Bf5 27. Nd2 h5 28. Qe2 g4 29. hxg4 hxg4 30. Bf4 Nc6 31. Qe3 Qa5 32. g3 Nxd4 33. Bh6+ Kh7 34. Kg2 Bxc5 35. Rh1 Qxd2+ 36. Qxd2 Be4+ 37. Kh2 Nb3 38. Qf4 Rxf4 39. Bxf4 Bxh1 40. Kxh1 Kg6 41. Nd3 Kf5 42. Kg2 Ba3 43. Kf2 Ke4 44. Ke2 Nd4+ 45. Kd2 Nf3+ 46. Ke2 Ng1+ 47. Kd2 Nh3 48. Bh6 Kf3 49. Bf4 Nxf4 50. Nxf4 Kxg3 51. Nxe6 Be7 52. Ke3 Kh2 53. Kd4 g3 54. Nf4 Bg5 55. Ne2 g2 56. e6 Kh3 57. Kxd5 Kg4 58. Ke4 Be7 59. Ke3 Bc5+ 60. Ke4 Kg5 61. Kf3 Kf6 62. Kxg2 Kxe6 1/2-1/2


[Site "https://www.chess.com"]

[Event "Titled Tuesday Blitz May 2 Early 2023"]
[White "Bayasgalan, Khishigbaatar"]
[Black "Minko, Dmitry"]
[WhiteFideId "4904311"]
[BlackFideId "24188468"]
[WhiteElo "2057"]
[BlackElo "2147"]
[Result "1-0"]
[Round "05"]
[TimeControl "180+2"]
[Date "2023.05.02"]
[WhiteClock "0:00:11"]
[BlackClock "0:00:02"]

1. d4 d5 2. c4 e6 3. Nc3 Be7 4. Bf4 Nf6 5. e3 O-O 6. Nf3 c5 7. Be2 dxc4 8. Bxc4 a6 9. dxc5 Bxc5 10. O-O b5 11. Be2 Bb7 12. Qxd8 Rxd8 13. Bg5 Nbd7 14. Rfd1 h6 15. Bh4 Nb6 16. Rac1 Bb4 17. Nd4 Rac8 18. Nb1 Be4 19. f3 Bg6 20. Kf2 Na4 21. b3 Nb2 22. Rf1 Nd3+ 23. Bxd3 Bxd3 24. Rfd1 Rxc1 25. Rxc1 Bxb1 26. Rxb1 e5 27. Nc6 Rd2+ 28. Kg3 Bc5 29. Nxe5 g5 30. Bxg5 hxg5 31. Kh3 Bxe3 32. a4 Nd5 33. g3 f6 34. Ng4 b4 35. Re1 Bd4 36. Re4 Bc3 37. Re6 Kf7 38. Rxa6 Rb2 39. Rd6 Ne3 40. Nxe3 Rxb3 41. Nd5 Ra3 42. Rc6 Rxa4 43. Nxc3 bxc3 44. Rxc3 Ra2 45. Rc7+ Kg6 46. g4 Ra3 47. Kg3 Ra2 48. h3 Ra1 49. Rc6 Rg1+ 50. Kf2 Ra1 51. Kg2 Ra2+ 52. Kg3 Ra7 53. h4 gxh4+ 54. Kxh4 Rh7+ 55. Kg3 Rh1 56. f4 Kg7 57. Rc7+ Kg6 58. Rc6 Kg7 59. Kf3 Rh3+ 60. Ke4 Rg3 61. Kf5 Rb3 62. Rc7+ Kh6 63. g5+ fxg5 64. fxg5+ 1-0


[Site "https://www.chess.com"]

[Event "Titled Tuesday Blitz May 2 Early 2023"]
[White "Kalajzic, Ivan"]
[Black "Kubicka, Anna"]
[WhiteFideId "14506378"]
[BlackFideId "1152254"]
[WhiteElo "2203"]
[BlackElo "2144"]
[Result "0-1"]
[Round "05"]
[TimeControl "180+2"]
[Date "2023.05.02"]
[WhiteClock "0:00:09"]
[BlackClock "0:00:11"]

1. d4 Nf6 2. Nc3 e6 3. Bg5 Be7 4. e4 h6 5. Bxf6 Bxf6 6. f4 d6 7. Nf3 Nc6 8. Bb5 Bd7 9. Qd2 a6 10. Ba4 b5 11. Bb3 O-O 12. O-O Na5 13. e5 Nxb3 14. axb3 Be7 15. Ne4 Bc6 16. Rae1 Bxe4 17. Rxe4 d5 18. Re2 c5 19. c3 cxd4 20. Nxd4 Bc5 21. f5 exf5 22. Rxf5 Qd7 23. Ref2 Rae8 24. Qf4 Bxd4 25. cxd4 Re6 26. g4 Rg6 27. h4 Qe7 28. h5 Rc6 29. g5 hxg5 30. Rxg5 Kh8 31. Rfg2 Rg8 32. Qg4 Qf8 33. Kh2 Rh6 34. Rf2 Qe8 35. Kg2 Qe7 36. Rgf5 f6 37. Qf3 fxe5 38. Rxe5 Qh4 39. Qh3 Qxd4 40. Ref5 Qe4+ 41. Qf3 Qh4 42. Qh3 Qxh3+ 43. Kxh3 g6 44. Rg5 gxh5 45. Rxg8+ Kxg8 46. Rf5 Rd6 47. Rxh5 d4 48. Rg5+ Kf7 49. Rg1 d3 50. Rd1 Ke6 51. Kg3 Rd4 52. Kf3 Kd5 53. Ke3 Kc5 54. Kd2 Kb4 55. Ra1 a5 56. Ra2 Rd7 57. Ra3 Rd5 58. Ra2 Kxb3 59. Rxa5 Kxb2 60. Rxb5+ Rxb5 0-1


[Site "https://www.chess.com"]

[Event "Titled Tuesday Blitz May 2 Early 2023"]
[White "Szente Varga, Fruzsina"]
[Black "Vlassov, Nikolai"]
[WhiteFideId "712264"]
[BlackFideId "4103360"]
[WhiteElo "1994"]
[BlackElo "2324"]
[Result "0-1"]
[Round "05"]
[TimeControl "180+2"]
[Date "2023.05.02"]
[WhiteClock "0:00:15"]
[BlackClock "0:01:10"]

1. e4 Nc6 2. d4 d5 3. e5 h5 4. c3 Bg4 5. Qc2 Qd7 6. Bd3 Nh6 7. Bxh6 Rxh6 8. f3 Be6 9. Ne2 g6 10. Nf4 Bf5 11. Bxf5 Qxf5 12. Qxf5 gxf5 13. Nxd5 O-O-O 14. Nf4 e6 15. Nd2 h4 16. O-O-O Be7 17. Nh3 Rg8 18. Rhg1 Rhg6 19. Nf4 R6g7 20. Kc2 Bg5 21. Nd3 Be3 22. Rge1 f4 23. Nc4 Rxg2+ 24. Kb3 Rxh2 25. Nxe3 fxe3 26. Rxe3 Rgg2 27. Re4 Na5+ 28. Kb4 b6 29. Rf4 Kb7 30. a4 Rxb2+ 31. Nxb2 Rxb2+ 32. Ka3 Nc4# 0-1


[Site "https://www.chess.com"]

[Event "Titled Tuesday Blitz May 2 Early 2023"]
[White "Erzhanov, Arman"]
[Black "Balague Camps, Marc"]
[WhiteFideId "4138821"]
[BlackFideId "2297914"]
[WhiteElo "2138"]
[BlackElo "2089"]
[Result "1-0"]
[Round "05"]
[TimeControl "180+2"]
[Date "2023.05.02"]
[WhiteClock "0:01:05"]
[BlackClock "0:00:32"]

1. e4 c5 2. Nf3 e6 3. b3 Nc6 4. Bb5 Nge7 5. Bb2 a6 6. Bxc6 Nxc6 7. O-O d5 8. exd5 Qxd5 9. Nc3 Qh5 10. Na4 b5 11. Nb6 Rb8 12. Nxc8 Rxc8 13. a4 Bd6 14. axb5 axb5 15. Bxg7 Rg8 16. Bb2 Qh3 17. g3 Rg6 18. Qe2 Rh6 19. Qxb5 Ke7 20. Ra6 Nd4 21. Bxd4 cxd4 22. Ra7+ Rc7 23. Rxc7+ Bxc7 24. Qb7 Kd8 25. Ra1 Qf5 26. Ra8+ Kd7 27. Qc8+ Ke7 28. Qxc7+ Kf6 29. Qd8+ Kg7 30. Qh8+ 1-0


[Site "https://www.chess.com"]

[Event "Titled Tuesday Blitz May 2 Early 2023"]
[White "Buchenau, Frank"]
[Black "Karas, Marek"]
[WhiteFideId "4604350"]
[BlackFideId "14928558"]
[WhiteElo "2157"]
[BlackElo "2233"]
[Result "0-1"]
[Round "05"]
[TimeControl "180+2"]
[Date "2023.05.02"]
[WhiteClock "0:00:14"]
[BlackClock "0:01:10"]

1. e4 e6 2. d4 d5 3. Nc3 Nf6 4. Bg5 Be7 5. e5 Nfd7 6. Bxe7 Qxe7 7. f4 a6 8. Nf3 c5 9. dxc5 Nc6 10. Bd3 Nxc5 11. O-O Nxd3 12. cxd3 Bd7 13. Rc1 O-O 14. f5 exf5 15. Nxd5 Qd8 16. d4 Be6 17. Nf4 Bd5 18. Nxd5 Qxd5 19. Rc5 Qxa2 20. d5 Rad8 21. Qb1 Qxb1 22. Rxb1 Ne7 23. d6 Nc6 24. b4 Rfe8 25. b5 axb5 26. Rcxb5 h6 27. h4 g5 28. hxg5 hxg5 29. Nxg5 Nxe5 30. Rd5 f6 31. Nf3 Rd7 32. Rbb5 Nxf3+ 33. gxf3 Re6 34. Rxf5 Rexd6 35. Rxb7 Rxb7 0-1


[Site "https://www.chess.com"]

[Event "Titled Tuesday Blitz May 2 Early 2023"]
[White "Blokhin, Sofia"]
[Black "Chernomordik, Pavel"]
[WhiteFideId "4508190"]
[BlackFideId "2804530"]
[WhiteElo "1994"]
[BlackElo "2193"]
[Result "0-1"]
[Round "05"]
[TimeControl "180+2"]
[Date "2023.05.02"]
[WhiteClock "0:00:14"]
[BlackClock "0:00:20"]

1. d4 g6 2. e4 Bg7 3. Nc3 d6 4. f3 a6 5. Be3 b5 6. Qd2 Bb7 7. O-O-O Nd7 8. Kb1 Nb6 9. a3 e6 10. g4 h6 11. h4 Nf6 12. Bd3 Nfd7 13. Nge2 c5 14. dxc5 dxc5 15. Nxb5 axb5 16. Bxb5 Qc7 17. Bxc5 Qxc5 18. Bxd7+ Kf8 19. Qb4 Qxb4 20. axb4 Ke7 21. Bb5 Rhc8 22. c4 Ba6 23. Bxa6 Rxa6 24. c5 Nc4 25. b5 Ra5 26. Nd4 Kf8 27. Nc6 Rxb5 28. Rd8+ Rxd8 29. Nxd8 Rxb2+ 30. Kc1 Bd4 31. c6 Be3+ 32. Kd1 Rd2+ 33. Ke1 Bf2+ 34. Kf1 Ne3# 0-1


[Site "https://www.chess.com"]

[Event "Titled Tuesday Blitz May 2 Early 2023"]
[White "Lopez, Henry"]
[Black "Goswami, Vedant"]
[WhiteFideId "5203830"]
[BlackFideId "5003725"]
[WhiteElo "2177"]
[BlackElo "2011"]
[Result "0-1"]
[Round "05"]
[TimeControl "180+2"]
[Date "2023.05.02"]
[WhiteClock "0:00:01"]
[BlackClock "0:00:14"]

1. d4 Nf6 2. Nf3 e6 3. c4 Bb4+ 4. Nbd2 b6 5. a3 Bxd2+ 6. Qxd2 Bb7 7. Qc2 Be4 8. Qd1 c5 9. b4 Nc6 10. dxc5 bxc5 11. b5 Bxf3 12. gxf3 Nd4 13. e3 Nf5 14. Bd3 Nh4 15. Bb2 Qa5+ 16. Ke2 Ng6 17. h4 d6 18. f4 d5 19. h5 O-O-O 20. Qc2 d4 21. hxg6 hxg6 22. a4 Rhe8 23. exd4 cxd4 24. c5 e5 25. fxe5 Rxe5+ 26. Kf3 Rdd5 27. c6 Qc7 28. Rhe1 Rg5 0-1


[Site "https://www.chess.com"]

[Event "Titled Tuesday Blitz May 2 Early 2023"]
[White "Andreev, Konstantin"]
[Black "Kiselev, Pavel"]
[WhiteFideId "24239305"]
[BlackFideId "4191102"]
[WhiteElo "2106"]
[BlackElo "2145"]
[Result "1-0"]
[Round "05"]
[TimeControl "180+2"]
[Date "2023.05.02"]
[WhiteClock "0:00:56"]
[BlackClock "0:00:05"]

1. e4 c5 2. Nf3 Nc6 3. Nc3 g6 4. d4 cxd4 5. Nxd4 Bg7 6. Be3 Nf6 7. Bc4 O-O 8. Bb3 d6 9. f3 Bd7 10. Qd2 Nxd4 11. Bxd4 b5 12. h4 b4 13. Nd5 Nxd5 14. Bxd5 Rc8 15. Bxg7 Kxg7 16. h5 Rh8 17. O-O-O Qb6 18. Kb1 h6 19. Qf4 Rcf8 20. Qg3 a5 21. e5 Bf5 22. Qf4 dxe5 23. Qxe5+ Qf6 24. Qe3 Rc8 25. Bb3 Qc6 26. Qd4+ f6 27. Rhe1 Bxc2+ 28. Bxc2 Qxc2+ 29. Ka1 Rhe8 30. hxg6 Qxg6 31. Qd7 Qf7 32. Qg4+ Qg6 33. Qd7 Qf7 34. Qb5 Ra8 35. Rd7 Rad8 36. Rxd8 Rxd8 37. Qxa5 Rd4 38. Qc5 Rd2 39. Qxb4 Rxg2 40. b3 Qh5 41. Rxe7+ Kg6 42. Qe4+ Kg5 43. Rg7+ 1-0


[Site "https://www.chess.com"]

[Event "Titled Tuesday Blitz May 2 Early 2023"]
[White "Jimenez Almeida, Luis David"]
[Black "Jimenez Fernandez, Rebeca"]
[WhiteFideId "22242244"]
[BlackFideId "32070934"]
[WhiteElo "2245"]
[BlackElo "2008"]
[Result "0-1"]
[Round "05"]
[TimeControl "180+2"]
[Date "2023.05.02"]
[WhiteClock "0:00:04"]
[BlackClock "0:00:15"]

1. e4 c5 2. Nc3 Nc6 3. g3 g6 4. Bg2 Bg7 5. Nge2 d6 6. h3 e6 7. O-O Nge7 8. d3 O-O 9. Be3 Nd4 10. Qd2 Rb8 11. a4 e5 12. Nc1 f5 13. f4 Be6 14. Nd5 Ndc6 15. c3 Qd7 16. Kh2 fxe4 17. dxe4 exf4 18. Bxf4 Ne5 19. b3 Nxd5 20. exd5 Bf5 21. g4 Bxg4 22. hxg4 Qxg4 23. Ne2 g5 24. Bg3 h5 25. Bh3 Nf3+ 26. Rxf3 Qxf3 27. Rf1 Qe4 28. Be6+ Kh8 29. Rxf8+ Rxf8 30. Ng1 h4 31. Be1 Be5+ 32. Kh3 Qh1+ 33. Kg4 Qxg1+ 34. Kh5 Qf1 35. Qxg5 Qf3+ 36. Kh6 Bf4 0-1


[Site "https://www.chess.com"]

[Event "Titled Tuesday Blitz May 2 Early 2023"]
[White "Srinath, Rao S.V."]
[Black "Cueto, Jonny"]
[WhiteFideId "5028876"]
[BlackFideId "3300145"]
[WhiteElo "2196"]
[BlackElo "2234"]
[Result "1-0"]
[Round "05"]
[TimeControl "180+2"]
[Date "2023.05.02"]
[WhiteClock "0:01:05"]
[BlackClock "0:00:02"]

1. c4 e6 2. Nc3 b6 3. Nf3 Bb7 4. b3 Nf6 5. Bb2 Be7 6. e3 O-O 7. d4 d6 8. Bd3 Nbd7 9. O-O Re8 10. Bc2 e5 11. Ng5 h6 12. Nge4 Bf8 13. Re1 Qe7 14. a4 a6 15. a5 bxa5 16. Rxa5 Nxe4 17. Nxe4 Nf6 18. Ng3 g6 19. dxe5 dxe5 20. Rxe5 Qb4 21. Rxe8 Rxe8 22. Bxf6 Re6 23. Bb2 a5 24. Qa1 Qd2 25. Re2 Qd7 26. h4 Qc6 27. e4 Bd6 28. Bh8 f6 29. Bxf6 Bxg3 30. Bh8 Re7 31. fxg3 Rf7 32. Qd4 Qe6 33. Be5 Bc8 34. Rf2 Rd7 35. Qc5 c6 36. Qf8+ Kh7 37. Qh8# 1-0


[Site "https://www.chess.com"]

[Event "Titled Tuesday Blitz May 2 Early 2023"]
[White "Reefat, Bin-Sattar"]
[Black "Torres Dominguez, David"]
[WhiteFideId "10200207"]
[BlackFideId "2220857"]
[WhiteElo "2462"]
[BlackElo "1999"]
[Result "1-0"]
[Round "05"]
[TimeControl "180+2"]
[Date "2023.05.02"]
[WhiteClock "0:00:07"]
[BlackClock "0:00:20"]

1. e4 e5 2. Nf3 Nc6 3. Bc4 Bc5 4. d3 Nf6 5. a4 a6 6. c3 d6 7. h3 Ba7 8. Bb3 h6 9. Nbd2 Qe7 10. Nf1 Be6 11. Ng3 O-O-O 12. O-O g5 13. d4 exd4 14. cxd4 d5 15. e5 Ne4 16. Be3 g4 17. hxg4 Bxg4 18. Rc1 Nxg3 19. fxg3 Nxe5 20. Bf4 f6 21. Qe1 Rd7 22. Kh2 Bxf3 23. dxe5 Be4 24. exf6 Qf7 25. Bxc7 Rxc7 26. Qxe4 Qh5+ 27. Qh4 Qxh4+ 28. gxh4 Rxc1 29. Rxc1+ Kd8 30. Bxd5 Rf8 31. f7 Bd4 32. b3 b6 33. Kh3 Ke7 34. Rd1 Bc5 35. Bc4 Kf6 36. Rf1+ Kg7 37. g4 a5 38. g5 hxg5 39. hxg5 Bd6 40. Kg4 Be7 41. Rd1 Bc5 42. Rd7 Rh8 43. Kf5 Rf8 44. g6 Bd4 45. Rxd4 1-0


[Site "https://www.chess.com"]

[Event "Titled Tuesday Blitz May 2 Early 2023"]
[White "Mirzoev, Azer"]
[Black "Daeschler, Florian"]
[WhiteFideId "13400304"]
[BlackFideId "20678193"]
[WhiteElo "2525"]
[BlackElo "2221"]
[Result "0-1"]
[Round "05"]
[TimeControl "180+2"]
[Date "2023.05.02"]
[WhiteClock "0:00:03"]
[BlackClock "0:00:20"]

1. c4 e6 2. Nf3 d5 3. g3 Nf6 4. Bg2 Be7 5. O-O O-O 6. d4 dxc4 7. Qc2 a6 8. a4 Bd7 9. Qxc4 Bc6 10. Bf4 Bd6 11. Bg5 Nbd7 12. Nbd2 h6 13. Bxf6 Nxf6 14. Rfd1 a5 15. Qc2 Bxf3 16. Bxf3 c6 17. Nc4 Bc7 18. e4 Qe7 19. e5 Nd5 20. h4 Nb4 21. Qe2 Rfd8 22. Rd2 Rd7 23. Rad1 Rad8 24. Kg2 g6 25. h5 g5 26. Be4 b5 27. axb5 cxb5 28. Na3 f5 29. exf6 Qxf6 30. Nxb5 Bb6 31. Qc4 Kg7 32. Re2 Rf7 33. Rdd2 Nd5 34. Nc3 Ne7 35. Bg6 Nxg6 36. Rxe6 Qf3+ 37. Kg1 Nf8 38. Rxb6 Qxh5 39. d5 Nd7 40. Qd4+ Kg8 41. Re6 Rdf8 42. Ne4 Rc8 43. Rc6 Re8 44. Rc7 Ne5 45. Rxf7 Qxf7 46. Kg2 Qf3+ 0-1


[Site "https://www.chess.com"]

[Event "Titled Tuesday Blitz May 2 Early 2023"]
[White "Veiga, Jose Francisco R P Neves"]
[Black "Liu, Casper"]
[WhiteFideId "1930087"]
[BlackFideId "1454153"]
[WhiteElo "2320"]
[BlackElo "2221"]
[Result "1-0"]
[Round "05"]
[TimeControl "180+2"]
[Date "2023.05.02"]
[WhiteClock "0:01:50"]
[BlackClock "0:01:21"]

1. e4 c5 2. Nc3 a6 3. Nf3 d6 4. d4 cxd4 5. Nxd4 g6 6. Be3 Bg7 7. Qd2 Nc6 8. O-O-O Nxd4 9. Bxd4 Nf6 10. f3 O-O 11. h4 Be6 12. Kb1 b5 13. h5 Rc8 14. g4 b4 15. Na4 Qa5 16. b3 Bd7 17. Nb6 Rc3 18. hxg6 fxg6 19. Bc4+ Kh8 20. Nxd7 Rxc4 21. Nxf6 Rxd4 22. Rxh7# 1-0


[Site "https://www.chess.com"]

[Event "Titled Tuesday Blitz May 2 Early 2023"]
[White "Avazkhonov, Alikhon"]
[Black "Manukyan, Sargis A."]
[WhiteFideId "14208504"]
[BlackFideId "13303970"]
[WhiteElo "1739"]
[BlackElo "2187"]
[Result "1-0"]
[Round "05"]
[TimeControl "180+2"]
[Date "2023.05.02"]
[WhiteClock "0:00:16"]
[BlackClock "0:01:28"]

1. e4 c5 2. Nf3 d6 3. d4 cxd4 4. Nxd4 Nf6 5. Nc3 g6 6. f3 Bg7 7. Be3 O-O 8. Qd2 Nc6 9. O-O-O d5 10. Nxc6 bxc6 11. e5 Nd7 12. f4 e6 13. g4 c5 14. Bf2 Bb7 15. Bg2 a5 16. Bg3 a4 17. Rhe1 a3 18. b3 c4 19. f5 cxb3 20. cxb3 Rc8 21. Kb1 Qa5 22. Nxd5 Qxd2 23. Ne7+ Kh8 24. Rxd2 Rc7 25. Bxb7 Rxb7 26. f6 Bh6 27. Rd6 Nc5 28. Bf2 Ne4 29. Rxe4 Rb5 30. h4 Rc5 31. Bxc5 Rb8 32. g5 Bf8 33. Red4 h5 34. Rd8 Rb5 35. Nxg6+ Kh7 36. Rxf8 Kxg6 37. Bxa3 Rb6 38. Rf4 Rc6 39. Rg8+ Kh7 40. Rg7+ Kh8 41. Rxf7 Rc8 42. g6 Kg8 43. Rg7+ Kh8 44. f7 Kxg7 45. f8=Q+ Rxf8 46. Bxf8+ Kxg6 47. Rf6+ Kh7 48. Bh6 Kg8 49. b4 Kh7 50. b5 Kg8 51. b6 Kh7 52. b7 Kg8 53. b8=Q+ Kh7 54. Qc7+ Kg8 55. Rf8# 1-0


[Site "https://www.chess.com"]

[Event "Titled Tuesday Blitz May 2 Early 2023"]
[White "Loiacono, Antonio"]
[Black "Melikhov, Evgeny V."]
[WhiteFideId "895415"]
[BlackFideId "4122046"]
[WhiteElo "2257"]
[BlackElo "2158"]
[Result "1-0"]
[Round "05"]
[TimeControl "180+2"]
[Date "2023.05.02"]
[WhiteClock "0:00:33"]
[BlackClock "0:00:13"]

1. e4 e5 2. Nf3 Nc6 3. Nc3 Nf6 4. Bb5 Bb4 5. O-O O-O 6. d3 d6 7. Ne2 a6 8. Bxc6 bxc6 9. Ng3 g6 10. h3 Ne8 11. d4 Qe7 12. dxe5 dxe5 13. c3 Bc5 14. Re1 f6 15. Qa4 Bb6 16. Qxc6 Rb8 17. Be3 Bb7 18. Qc4+ Qf7 19. Qxf7+ Kxf7 20. Bxb6 cxb6 21. Rad1 Ke7 22. Nd2 b5 23. f3 Nc7 24. Nb3 Ne6 25. Nf1 Rfd8 26. Ne3 Nf4 27. Nc5 a5 28. Rxd8 Kxd8 29. h4 Bc6 30. g3 Ke7 31. gxf4 exf4 32. Nd5+ Bxd5 33. exd5+ Kd6 34. Ne4+ Kxd5 35. Nxf6+ Kc4 36. Kf2 Kd3 37. Re2 a4 38. Ne4 a3 39. bxa3 h6 40. Rb2 g5 41. Rd2+ Kc4 42. Rd4# 1-0


[Site "https://www.chess.com"]

[Event "Titled Tuesday Blitz May 2 Early 2023"]
[White "Hirneise, Jens"]
[Black "Gutkin, Ilya"]
[WhiteFideId "24614734"]
[BlackFideId "16203470"]
[WhiteElo "2345"]
[BlackElo "2265"]
[Result "0-1"]
[Round "05"]
[TimeControl "180+2"]
[Date "2023.05.02"]
[WhiteClock "0:00:05"]
[BlackClock "0:00:01"]

1. Nf3 c5 2. c4 g6 3. Nc3 Bg7 4. g3 Nc6 5. Bg2 d6 6. O-O e6 7. d3 Nge7 8. a3 b6 9. Bd2 Bb7 10. Rb1 O-O 11. b4 Qd7 12. b5 Nd4 13. e3 Nxf3+ 14. Bxf3 d5 15. Qe2 dxc4 16. Bxb7 Qxb7 17. dxc4 Rfd8 18. Rfd1 Rd7 19. Be1 Rad8 20. Rxd7 Rxd7 21. Rd1 Nf5 22. Rxd7 Qxd7 23. Qf3 h5 24. Ne4 Qd3 25. Ng5 Bf6 26. e4 Qb1 27. h4 Qxe1+ 28. Kg2 Bxg5 29. exf5 Be7 30. fxg6 fxg6 31. Qa8+ Kf7 32. Qxa7 Qe4+ 33. Kg1 Qxc4 34. Qxb6 Qc1+ 35. Kg2 Qxa3 36. Qc6 Qb4 37. b6 c4 38. Qc7 Kf6 39. Qf4+ Kg7 40. Qc7 Kf8 41. b7 Bd6 42. Qd8+ Kf7 43. Qd7+ Kf6 44. Qd8+ Ke5 45. Qd7 c3 46. Qc6 Qb2 47. Kh3 c2 48. f4+ Kf6 49. Qxd6 c1=Q 50. Qe5+ Qxe5 51. fxe5+ Kf5 52. b8=Q Qh1# 0-1


[Site "https://www.chess.com"]